 Dungeon Crawl Stone Soup version 0.27.1-3-gb3d3a73c9e (webtiles) character file.

Game seed: 11147982180701080557

4654 Kinoniko the Basher (level 10, -13/138 HPs)
             Began as an Ogre Berserker on Oct 6, 2021.
             Was an Elder of Trog.
             Mangled by a death yak (21 damage)
             ... on level 7 of the Dungeon.
             The game lasted 00:09:33 (9323 turns).

Kinoniko the Basher (Ogre Berserker)                Turns: 9323, Time: 00:09:34

Health: -13/138    AC:  8    Str: 26    XL:     10   Next: 43%
Magic:  10/10      EV: 11    Int:  8    God:    Trog [****..]
Gold:   17         SH:  0    Dex:  8    Spells: 9/9 levels left

rFire    . . .     SeeInvis .   i - +0 morningstar
rCold    . . .     Faith    .   (no shield)
rNeg     . . .     Spirit   .   b - +1 animal skin
rPois    .         Reflect  .   (helmet restricted)
rElec    .         Harm     .   (no cloak)
rCorr    .         Rampage  .   (gloves unavailable)
Will     +....                  (boots unavailable)
Stlth    ..........             (no amulet)
HPRegen  0.33/turn              f - +4 ring of protection
MPRegen  0.12/turn              s - +4 ring of slaying

@: berserking, studying Transmutations, very quick
A: large, unfitting armour, tough skin 1
a: Renounce Religion, Berserk, Trog's Hand, Brothers in Arms


You were on level 7 of the Dungeon.
You worshipped Trog.
Trog was greatly pleased with you.
You visited 1 branch of the dungeon, and saw 8 of its levels.

You collected 199 gold pieces.
You spent 182 gold pieces at shops.

Inventory:

Hand Weapons
 a - a +0 mace
 i - a +0 morningstar (weapon)
 p - a +0 giant spiked club
Missiles
 j - 209 stones (quivered)
Armour
 b - a +1 animal skin (worn)
Jewellery
 f - a +4 ring of protection (left hand)
 n - a +6 ring of dexterity
 s - a +4 ring of slaying (right hand)
Wands
 q - a wand of flame (17)
Scrolls
 e - 2 scrolls of fear
 h - 2 scrolls of amnesia
 k - 4 scrolls of magic mapping
 l - a scroll of fog
 o - 4 scrolls of identify
Potions
 c - a potion of resistance {unknown}
 d - 8 potions of curing
 g - a potion of heal wounds {unknown}
 m - a potion of flight
 r - a potion of attraction {unknown}
 t - a potion of might


   Skills:
 - Level 4.0 Fighting
 * Level 12.1 Maces & Flails
 + Level 7.2 Dodging


You had 9 spell levels left.
You didn't know any spells.
Your spell library contained the following spells:

 Spells                   Type           Power      Damage    Failure   Level
 Magic Dart               Conj           0%         1d3       41%         1
 Call Imp                 Summ           0%         N/A       54%         2
 Mephitic Cloud           Conj/Pois/Air  0%         N/A       78%         3


Dungeon Overview and Level Annotations

Branches:
Dungeon (8/15)             Temple (0/1) D:7            Lair (0/6) D:8

Altars:
Ashenzari
Elyvilon
Gozag
Hepliaklqana
Kikubaaqudgha
Okawaru
Sif Muna

Shops:
D:2 *   D:7 !


Innate Abilities, Weirdness & Mutations

You are too large for most types of armour.
You have tough skin. (AC +1)


Message History

No target in view!
No target in view!
You start resting.
HP restored.
You climb downwards.
The death yak bellows!
The death yak misses you. The death yak gores you! The death yak gores you!!
The death yak gores you!
There is a stone staircase leading up, spattered with blood here.
Unknown command.
Unknown command.
The death yak gores you but does no damage.
The death yak gores you!!
* * * LOW HITPOINT WARNING * * *
You climb upwards.
There is a stone staircase leading down here.
Unknown command.
A red film seems to cover your vision as you go berserk!
You feel yourself moving faster!
You feel mighty! The death yak gores you.
* * * LOW HITPOINT WARNING * * *
The death yak misses you.
You are too injured to fight recklessly!
You are too injured to fight recklessly!
You are too injured to fight recklessly!
You are too injured to fight recklessly!
You hit the death yak.
The death yak is lightly wounded.
You sock the death yak!
The death yak is moderately wounded.
The death yak gores you!!
* * * LOW HITPOINT WARNING * * *
The death yak gores you.
* * * LOW HITPOINT WARNING * * *
You sock the death yak!
The death yak is moderately wounded.
Unknown command.
You puncture the death yak!
The death yak is heavily wounded.
The death yak barely misses you. The death yak gores you!!
You die...

#..# #.##)##....#....###..#.
###.### #.##.#.................
......#####.##)#......###...#...#
.........##..[[.......###..##....
......##.#.....#.......##........
............................#.##.
......#######.........#.......##.
......## #..†YY............##.
.......## #...@.............###
........# #..†#...........###
#...###.# ###......#.####...#
#.### #.# #.....##.....#....# #
#.# #.###.#...............#####
#.#####.........................#
#.#...........####..........###..
..#.##......### ##..........###..
.#.........## #..###......#....


You could see 2 death yaks.

Vanquished Creatures
  2 death yaks (D:7)
  Joseph (D:7)
  A troll (D:6)
  Sigmund (D:2)
  Eustachio (D:4)
  A steam dragon (D:4)
  An orc warrior (D:7)
  A black bear (D:4)
  A sky beast (D:5)
  A necrophage (D:4)
  An ice beast (D:5)
  3 ogres
  3 centaurs
  A phantom (D:6)
  A kobold brigand (D:6)
  2 bullfrogs
  6 scorpions
  A water moccasin zombie (D:5)
  3 orc priests
  4 hounds
  2 jellies
  A centaur skeleton (D:6)
  A scorpion zombie (D:5)
  3 iguanas
  7 orc wizards
  A hound skeleton (D:4)
  13 adders
  2 gnolls (D:6)
  A shadow imp (D:5)
  A white imp (D:7)
  An ufetubus (D:4)
  An adder zombie (D:4)
  A worm (D:3)
  2 dart slugs
  30 orcs
  4 endoplasms
  A giant cockroach (D:1)
  6 goblins
  3 hobgoblins
  3 jackals (D:4)
  10 kobolds
  2 quokkas
  6 ball pythons
  4 bats
  2 frilled lizards (D:1)
  7 rats
151 creatures vanquished.

Notes
Turn   | Place    | Note
-------+----------+-------------------------------------------
     0 | D:1      | Kinoniko the Ogre Berserker began the quest for the Orb.
     0 | D:1      | Reached XP level 1. HP: 24/24 MP: 1/1
   324 | D:1      | Reached skill level 3 in Maces & Flails
   493 | D:1      | Reached XP level 2. HP: 32/32 MP: 2/2
   798 | D:2      | Reached XP level 3. HP: 31/39 MP: 3/3
   907 | D:2      | Noticed Sigmund
   957 | D:2      | Reached skill level 4 in Maces & Flails
   957 | D:2      | Reached XP level 4. HP: 18/48 MP: 4/4
  1206 | D:2      | Found a faded altar of an unknown god.
  1232 | D:2      | Killed Sigmund
  1233 | D:2      | Reached skill level 5 in Maces & Flails
  1233 | D:2      | Reached XP level 5. HP: 51/54 MP: 5/5
  1233 | D:2      | Reached XP level 6. HP: 59/62 MP: 6/6
  1236 | D:2      | Reached skill level 6 in Maces & Flails
  1706 | D:2      | Reached ** piety under Trog
  1868 | D:2      | Found Addoladew's General Store.
  2245 | D:3      | Found a broken altar of Ashenzari.
  2245 | D:3      | Found a faded altar of an unknown god.
  2256 | D:3      | Found an ancient bone altar of Kikubaaqudgha.
  2258 | D:3      | Found a hazy altar of Hepliaklqana.
  2260 | D:3      | Found a white marble altar of Elyvilon.
  3057 | D:4      | Reached skill level 7 in Maces & Flails
  3057 | D:4      | Reached XP level 7. HP: 70/70 MP: 7/7
  3384 | D:4      | Noticed a steam dragon
  3399 | D:4      | Killed a steam dragon
  3641 | D:4      | Reached skill level 8 in Maces & Flails
  3745 | D:4      | Noticed Eustachio
  3760 | D:4      | Killed Eustachio
  3761 | D:4      | Reached XP level 8. HP: 78/78 MP: 8/8
  4555 | D:5      | Entered Level 5 of the Dungeon
  4690 | D:5      | Found an opulent altar of Gozag.
  4777 | D:5      | Reached skill level 9 in Maces & Flails
  5200 | D:5      | Reached *** piety under Trog
  5440 | D:6      | Noticed a troll
  5447 | D:6      | Killed a troll
  5448 | D:6      | Reached skill level 10 in Maces & Flails
  5448 | D:6      | Reached XP level 9. HP: 67/84 MP: 9/9
  5474 | D:6      | Reached skill level 5 in Dodging
  6130 | D:6      | Found a shimmering blue altar of Sif Muna.
  6903 | D:6      | Found an iron altar of Okawaru.
  7576 | D:7      | Reached skill level 11 in Maces & Flails
  7611 | D:7      | Reached **** piety under Trog
  7911 | D:7      | Found a staircase to the Ecumenical Temple.
  8081 | D:7      | Found Gaot's Distillery.
  8082 | D:7      | Noticed Joseph
  8101 | D:7      | Killed Joseph
  8102 | D:7      | Reached XP level 10. HP: 41/92 MP: 10/10
  8361 | D:7      | Bought a potion of curing for 42 gold pieces
  8361 | D:7      | Bought a potion of curing for 42 gold pieces
  8361 | D:7      | Bought a potion of might for 56 gold pieces
  8361 | D:7      | Bought a potion of curing for 42 gold pieces
  8474 | D:8      | Noticed a death yak
  8474 | D:8      | Noticed a death yak
  8474 | D:8      | Noticed a death yak
  8474 | D:8      | Noticed a death yak
  8474 | D:8      | Noticed a death yak
  8474 | D:8      | Found a staircase to the Lair.
  8493 | D:7      | Killed a death yak
  9219 | D:7      | Killed a death yak
  9220 | D:7      | Reached skill level 12 in Maces & Flails
  9323 | D:7      | Mangled by a death yak

Illustrated notes

Levels and vault maps discovered:
D:1:      minmay_arrival_four_loops, layout_basic
D:2:      layout_basic, hellmonk_ecumenical_altar_blasted, serial_shops,
          nicolae_shop_stone, uniq_sigmund
D:3:      layout_basic, chequers_temple_overflow_minitemple
D:4:      layout_loops_cross, minmay_manual_monstrance, uniq_eustachio
D:5:      layout_loops_ring, mainiacjoe_overflow_alcove_2,
          kennysheep_cluttered_room
D:6:      nicolae_whirlpool, layout_rooms, okawaru_altar_gauntlet_db,
          mainiacjoe_overflow_concentric_impassable
D:7:      layout_rooms, minmay_temple_entry_stoned_glass, serial_shops,
          nicolae_square_shop, uniq_joseph
D:8:      layout_gridville, dpeg_lair_monsters

Skill      XL: |  1  2  3  4  5  6  7  8  9 10 |
---------------+-------------------------------+-----
Maces & Flails | 3 4 5 7 8 10 11 12 | 12.1
Dodging        | 3 4 6 7 |  7.2
Fighting       | |  4.0

Action                   |  1- 3 |  4- 6 |  7- 9 | 10-12 || total
-------------------------+-------+-------+-------+-------++-------
Melee: Mace              |    99 |   106 |       |       ||   205
       Morningstar       |       |    29 |   283 |    40 ||   352
Invok: Berserk           |     2 |     3 |    13 |     3 ||    21
  Use: Potion            |     2 |       |       |       ||     2
       Scroll            |     1 |     4 |     2 |       ||     7
 Stab: Sleeping          |       |     1 |       |       ||     1
Armor: Animal skin       |    58 |    72 |   130 |    14 ||   274
Dodge: Dodged            |    70 |    79 |   169 |    25 ||   343
